 Dungeon Crawl Stone Soup version 0.31-a0-1549-g5ff9445e89 (webtiles) character file.

Game seed: 5521872046270952930

8075 hikkokomori the Geomancer (level 11, -3/68 HPs)
             Began as a Gargoyle Earth Elementalist on Jan 2, 2024.
             Was an Initiate of Gozag.
             Killed from afar by a rime drake (25 damage)
             ... with an icy flash freeze
             ... on level 1 of the Lair of Beasts.
             The game lasted 00:15:44 (10284 turns).

hikkokomori the Geomancer (GrEE)                   Turns: 10284, Time: 00:15:45

Health: -3/68      AC: 16    Str: 17    XL:     11   Next: 25%
Magic:  3/22       EV: 12    Int: 21    God:    Gozag
Gold:   755        SH:  0    Dex: 16    Spells: 12/25 levels left

rFire   . . .        q - +1 dagger (drain)
rCold   . . .        (no shield)
rNeg    + . .        a - +0 robe
rPois   ∞            G - +2 hat
rElec   +            (no cloak)
rCorr   .            r - +1 pair of gloves
SInv    .            c - +1 pair of boots
Will    .....        (no amulet)
Stlth   ++++         k - +6 ring of dexterity
HPRegen 0.31/turn    E - +6 ring of strength
MPRegen 0.18/turn

%: no passive effects
@: about to teleport, gold aura
A: sickness immunity, AC +8, negative energy resistance 1, electricity
resistance, torment resistance 1, petrification resistance
a: Renounce Religion, Potion Petition, Call Merchant, Bribe Branch


You were on level 1 of the Lair of Beasts.
You worshipped Gozag.
Gozag was pleased with you.
You visited 3 branches of the dungeon, and saw 11 of its levels.

You collected 894 gold pieces.
You paid 139 gold pieces to Gozag.

Inventory:

Hand Weapons
 d - a +0 dagger
 i - a +3 short sword
 q - a +1 dagger of draining (weapon)
 C - a +2 dagger of pain
 N - a +4 trident of draining
Missiles
 s - 2 datura-tipped darts
 K - 3 throwing nets
Armour
 a - a +0 robe (worn)
 c - a +1 pair of boots (worn)
 r - a +1 pair of gloves (worn)
 G - a +2 hat (worn)
Jewellery
 k - a +6 ring of dexterity (left hand)
 E - a +6 ring of strength (right hand)
Wands
 g - a wand of flame (20)
 D - a wand of charming (14)
 F - a wand of roots (9)
 M - a wand of mindburst (12)
Scrolls
 f - 2 scrolls of amnesia {unknown}
 j - 2 scrolls of enchant armour {unknown}
 n - 2 scrolls of teleportation
 o - 3 scrolls of blinking
 u - 2 scrolls of immolation {unknown}
 v - a scroll of enchant weapon {unknown}
 x - a scroll of vulnerability {unknown}
 y - a scroll of silence {unknown}
 A - a scroll of revelation {unknown}
 H - 4 scrolls of identify
 O - a scroll of fog {unknown}
Potions
 b - a potion of magic
 e - 2 potions of berserk rage {unknown}
 h - 7 potions of curing
 l - 2 potions of cancellation
 m - 2 potions of resistance {unknown}
 p - a potion of lignification {unknown}
 t - a potion of haste {unknown}
 w - 2 potions of brilliance
 z - a potion of enlightenment {unknown}
 B - a potion of heal wounds {unknown}
 I - 2 potions of attraction {unknown}
 J - a potion of invisibility {unknown}
 L - a potion of might {unknown}


   Skills:
 + Level 7.9 Fighting
 - Level 1.5 Dodging
 - Level 7.8 Stealth
 + Level 7.9 Spellcasting
 + Level 8.0 Conjurations
 - Level 3.7 Translocations
 + Level 9.2 Earth Magic
 + Level 2.7 Evocations


You had 12 spell levels left.
You knew the following spells:

 Your Spells              Type           Power      Damage    Failure   Level
a - Sandblast             Erth           92%        2d19      1%          1
b - Stone Arrow           Conj/Erth      88%        3d12      1%          3
c - Blink                 Tloc           48%        N/A       2%          2
d - Brom's Barrelling Bo  Conj/Erth      44%        2d6       2%          4
e - Passwall              Erth           46%        N/A       1%          3

Your spell library contained the following spells:

 Spells                   Type           Power      Damage    Failure   Level
 Momentum Strike          Conj/Tloc      66%        3d9       1%          2
 Lesser Beckoning         Tloc           48%        N/A       2%          2
 Slow                     Hex            32%        N/A       9%          1
 Call Imp                 Summ           16%        N/A       12%         2
 Ensorcelled Hibernation  Hex/Ice        16%        N/A       12%         2
 Petrify                  Alch/Erth      27%        N/A       12%         4
 Confusing Touch          Hex            8%         N/A       24%         3
 Fugue of the Fallen      Necr           8%         N/A       24%         3
 Sigil of Binding         Hex            8%         N/A       24%         3
 Vampiric Draining        Necr           8%         2d6       24%         3
 Anguish                  Hex/Necr       4%         N/A       63%         4
 Summon Hydra             Summ           4%         N/A       100%        7
 Sublimation of Blood     Necr           Unusable   N/A       N/A         2

Dungeon Overview and Level Annotations

Branches:
Dungeon (9/15)             Temple (1/1) D:6            Lair (1/5) D:8
    Orc: D:9-12

Altars:
Ashenzari
Cheibriados
Dithmenos
Elyvilon
Fedhas
Gozag
Hepliaklqana
Kikubaaqudgha
Makhleb
Nemelex Xobeh
Okawaru
Qazlal
Ru
Sif Muna
Trog
Uskayaw
Vehumet
Wu Jian
Xom
Yredelemnul
Zin
The Shining One


Innate Abilities, Weirdness & Mutations

You are immune to sickness and miasma.
Your stone body is resilient. (AC +8)
You are immune to poison.
You resist negative energy. (rN+)
You are resistant to electric shocks. (rElec)
You are resistant to unholy torment.
You are immune to petrification.


Message History

The stone arrow misses the rime drake.
Unknown command.
The stone arrow hits the rime drake!
The rime drake is severely wounded.
The stone arrow misses the rime drake.
The stone arrow hits the yak!
The yak is moderately wounded.
The ice encasing you melts away. The rime drake misses you.
A yak comes into view.
The stone arrow misses the rime drake.
The stone arrow hits the yak!!
The yak is heavily wounded.
The rime drake bites you but does no damage.
The stone arrow misses the rime drake.
The stone arrow hits the yak!!
The yak is almost dead.
The rime drake breathes ice at you. The icy flash freeze hits you!!
You are encased in ice.
The rime drake bites you but does no damage.
The yak gores you.
The stone arrow hits the yak!!
You kill the yak!
The rime drake bites you but does no damage.
The ice encasing you melts away. The rime drake breathes ice at you.
The icy flash freeze hits you!
You are encased in ice.
The yak gores you but does no damage. The yak attacks as it pursues you!
The yak gores you but does no damage.
The yak snorts and paws the ground.
The yak gores you!
As you read the scroll of teleportation, it crumbles to dust.
You feel strangely unstable. The ice encasing you melts away.
The rime drake bites you but does no damage.
Unknown command.
Unknown command.
The rime drake breathes ice at you. The icy flash freeze hits you!!
You die...
Your body crumbles into a pile of gold.

....## ..)....#
.....#######.....#
...#.......#.....#
...............#.#
#................#
........#.....#..##
....#...##.#......# ####
........#...#.....##...#
................@......##
#...........PP.k.Y........
..#............#Y#...#####
##.##..#....#...YY#.....#
...............#
#.#.#.$..........
...............#.
#......$....##..
................


You could see 4 yaks and a rime drake (catching breath).

Vanquished Creatures
  3 two-headed ogres (D:9)
  An elephant (D:8)
  A black mamba (Lair:1)
  4 gargoyles (D:7)
  Jeremiah (D:9)
  A wyvern (Lair:1)
  2 yaks
  A wraith (D:8)
  2 steam dragons
  A vampire mosquito (D:8)
  Duvessa (D:7)
  2 orc warriors (D:9)
  An ice beast (D:6)
  3 black bears
  An ogre (D:6)
  5 centaurs
  A kobold brigand (D:8)
  7 bullfrogs
  4 scorpions
  8 wights
  Dowan (D:7)
  2 howler monkeys (D:9)
  An electric eel (D:6)
  5 orc priests
  A gnoll bouda (D:9)
  4 hounds
  2 jellies
  2 iguanas (D:6)
  4 orc wizards (D:8)
  2 sleepcaps
  9 adders
  7 gnolls
  4 white imps
  A dart slug (D:4)
  2 ribbon worms (D:2)
  23 orcs
  9 bats
  4 endoplasms
  3 giant cockroaches
  8 goblins
  9 hobgoblins
  2 jackals (D:3)
  12 kobolds
  5 quokkas
  12 ball pythons
  2 frilled lizards (D:3)
  8 rats
194 creatures vanquished.

Vanquished Creatures (collateral kills)
  2 boulders (D:9)
2 creatures vanquished.

Vanquished Creatures (others)
  An orc (D:9)
1 creature vanquished.

Grand Total: 197 creatures vanquished

Notes
Turn   | Place    | Note
-------+----------+-------------------------------------------
     0 | D:1      | hikkokomori the Gargoyle Earth Elementalist began the quest
                  | for the Orb.
     0 | D:1      | Reached XP level 1. HP: 10/10 MP: 3/3
   127 | D:1      | You fall into a shaft and drop 1 floor!
   162 | D:2      | Reached XP level 2. HP: 15/15 MP: 1/5
   400 | D:1      | Found a faded altar of an unknown god.
   434 | D:1      | Reached skill level 4 in Earth Magic
   549 | D:1      | Reached XP level 3. HP: 9/19 MP: 2/6
  1798 | D:3      | Reached XP level 4. HP: 24/24 MP: 5/8
  2679 | D:4      | Reached XP level 5. HP: 20/28 MP: 1/9
  2822 | D:4      | Reached skill level 5 in Earth Magic
  3138 | D:4      | Noticed a black bear
  3167 | D:4      | Killed a black bear
  3168 | D:4      | Reached XP level 6. HP: 31/32 MP: 5/11
  3218 | D:4      | Found a shadowy altar of Dithmenos.
  3218 | D:4      | Found a blossoming altar of Fedhas.
  3218 | D:4      | Found a sparkling altar of Nemelex Xobeh.
  3459 | D:4      | Reached skill level 5 in Stealth
  3639 | D:4      | Learned a level 3 spell: Stone Arrow
  3642 | D:4      | Learned a level 2 spell: Blink
  3647 | D:4      | Learned a level 4 spell: Brom's Barrelling Boulder
  3651 | D:4      | Learned a level 3 spell: Passwall
  3693 | D:5      | Entered Level 5 of the Dungeon
  3782 | D:5      | Noticed a black bear
  3789 | D:5      | Killed a black bear
  3790 | D:5      | Reached skill level 1 in Fighting
  3790 | D:5      | Reached skill level 6 in Earth Magic
  3790 | D:5      | Reached XP level 7. HP: 38/38 MP: 9/13
  4539 | D:6      | Reached XP level 8. HP: 45/45 MP: 10/15
  5346 | D:6      | Reached skill level 7 in Earth Magic
  5401 | D:6      | Reached skill level 5 in Spellcasting
  5548 | D:6      | Found a staircase to the Ecumenical Temple.
  5946 | D:7      | Noticed Dowan
  5961 | D:7      | Noticed Duvessa
  5965 | D:7      | Killed Duvessa
  5973 | D:7      | Killed Dowan
  5974 | D:7      | Reached XP level 9. HP: 40/52 MP: 7/17
  6140 | D:7      | Noticed a gargoyle
  6144 | D:7      | Killed a gargoyle
  6236 | D:7      | Noticed a gargoyle
  6241 | D:7      | Killed a gargoyle
  6242 | D:7      | Reached skill level 8 in Earth Magic
  6326 | D:7      | Noticed a gargoyle
  6329 | D:7      | Killed a gargoyle
  6330 | D:7      | Reached skill level 5 in Fighting
  6330 | D:7      | Reached skill level 5 in Conjurations
  6475 | D:7      | Noticed a gargoyle
  6478 | D:7      | Killed a gargoyle
  6479 | D:7      | Reached skill level 1 in Translocations
  7066 | Temple   | Entered the Ecumenical Temple
  7117 | Temple   | Became a worshipper of Gozag Ym Sagoz the Greedy
  7224 | D:8      | Reached XP level 10. HP: 54/60 MP: 12/19
  8319 | D:8      | Found a sacrificial altar of Ru.
  8319 | D:8      | Found a radiant altar of Vehumet.
  8323 | D:8      | Found an ancient bone altar of Kikubaaqudgha.
  8323 | D:8      | Found a white marble altar of Elyvilon.
  8414 | D:8      | Found a staircase to the Lair.
  8414 | D:8      | Noticed an elephant
  8422 | D:8      | Killed an elephant
  8677 | D:9      | Noticed a two-headed ogre
  8684 | D:9      | Killed a two-headed ogre
  8990 | D:9      | Noticed a two-headed ogre
  9011 | D:9      | Killed a two-headed ogre
  9012 | D:9      | Reached skill level 1 in Evocations
  9240 | D:9      | Noticed a two-headed ogre
  9251 | D:9      | Killed a two-headed ogre
  9252 | D:9      | Reached XP level 11. HP: 67/67 MP: 1/22
  9639 | D:9      | Noticed Jeremiah
  9646 | D:9      | Killed Jeremiah
  9647 | D:9      | Reached skill level 9 in Earth Magic
 10083 | Lair:1   | Entered Level 1 of the Lair of Beasts
 10284 | Lair:1   | Killed from afar by a rime drake

Illustrated notes

Levels and vault maps discovered:
D:1:      onia_arrival_mini_spirals, layout_basic,
          shapermc_ecumenical_altar_acropolis, hex_tiny
D:2:      layout_basic
D:3:      layout_basic, fountainhead
D:4:      layout_basic, gammafunk_temple_overflow_claw
D:5:      layout_loops_cross, minmay_misc_feat_roman
D:6:      corexii_shack_village, layout_loops_ring,
          minmay_temple_entry_from_below_a, serial_bayou, serial_bayou_lagoon_a,
          serial_bayou_crossing, serial_bayou_pond_e, serial_bayou_pond_a,
          grunt_ministairs_14
D:7:      cheibrodos_statue_roulette, layout_basic, uniq_duvessa
D:8:      minmay_curly_fans, layout_basic,
          chequers_temple_overflow_statue_of_worship,
          grunt_lair_entry_orc_guard_hut
D:9:      layout_long_grid, kennysheep_generic_room_7, uniq_jeremiah
Temple:   hellmonk_temple_of_storms
Lair:1:   layout_misc_corridors

Skill      XL: |  1  2  3  4  5  6  7  8  9 10 11 |
---------------+----------------------------------+-----
Earth Magic    | 4 5 6 7 8 9 |  9.2
Stealth        | 3 4 5 6 7 |  7.8
Spellcasting   | 3 4 5 6 7 |  7.9
Fighting       | 1 2 4 5 7 |  7.9
Conjurations   | 2 4 5 7 8 |  8.0
Translocations | 1 3 |  3.7
Evocations     | 2 |  2.7
Dodging        | |  1.5

Action                     |  1- 3 |  4- 6 |  7- 9 | 10-12 || total
---------------------------+-------+-------+-------+-------++-------
  Melee: Unarmed           |     4 |       |       |       ||     4
         Short sword       |    16 |       |       |       ||    16
         Dagger            |     3 |       |     6 |    21 ||    30
         Punch             |       |       |       |     1 ||     1
   Cast: Sandblast         |    51 |    79 |    95 |    16 ||   241
         Stone Arrow       |       |       |    17 |    88 ||   105
         Brom's Barrelling |       |       |       |     2 ||     2
  Evoke: Wand              |       |       |       |     5 ||     5
    Use: Scroll            |       |       |     5 |     2 ||     7
   Stab: Sleeping          |       |       |     1 |       ||     1
 Armour: Robe              |    23 |    27 |    44 |    52 ||   146
  Dodge: Dodged            |    18 |    29 |    37 |    30 ||   114

Table legend: (Time is in decaauts)
 A = Elapsed time spent in this place.
 B = Non-inter-level travel time spent in this place.
 C = Inter-level travel time spent in this place.
 D = Time resting spent in this place.
 E = Time spent auto-exploring this place.
 F = Levels seen in this place.
 G = Mean time per level.
                   A        B        C        D        E       F      G
               +--------+--------+--------+--------+--------+-----+--------+
         Total |  10417 |   9863 |    554 |    364 |   8190 |  11 |  947.0 |
       Dungeon |  10159 |   9649 |    510 |    364 |   8025 |   9 | 1128.8 |
        Temple |     56 |     13 |     43 |      0 |      0 |   1 |   56.0 |
          Lair |    201 |    201 |      0 |      0 |    165 |   1 |  201.0 |
               +--------+--------+--------+--------+--------+-----+--------+

Top non-repeatable levels by time:
     D:8: 1503 daAuts
     D:9: 1440 daAuts
     D:6: 1350 daAuts
     D:7: 1314 daAuts
     D:4: 1222 daAuts
     D:1: 895 daAuts
     D:3: 818 daAuts
     D:2: 816 daAuts
     D:5: 796 daAuts
  Lair:1: 201 daAuts
  Temple: 56 daAuts
